 Dungeon Crawl Stone Soup version 0.17-a0-725-gfa8c127 (webtiles) character file.

64395 Zwobot the Spry (level 14, -3/77 HPs)
             Began as a Spriggan Chaos Knight on Apr 20, 2015.
             Was an Initiate of Gozag.
             Slain by a dire elephant (43 damage)
             ... on level 8 of the Lair of Beasts.
             The game lasted 02:17:52 (27836 turns).

Zwobot the Spry (Spriggan Chaos Knight)            Turns: 27836, Time: 02:17:52

Health: -3/77      AC:  9    Str:  8    XL:     14   Next: 71%
Magic:  28/28      EV: 33    Int: 17    God:    Gozag
Gold:   3005       SH:  0    Dex: 17    Spells: 2 memorised, 26 levels left

rFire  . . .     SeeInvis +     a - +4 short sword (chaos)
rCold  . . .     Clarity  .     T - +4 troll leather armour
rNeg   . . .     SustAb   .     (shield restricted)
rPois  .         Gourm    .     (helmet restricted)
rElec  .         Spirit   .     I - +0 cloak {MR+}
rCorr  +         Warding  .     (gloves unavailable)
rMut   .         Stasis   .     (boots unavailable)
MR     +++..                    s - amulet of resist corrosion
Stlth  +++++++...               v - ring of wizardry
                                Q - ring of invisibility

@: about to teleport, very quick, extremely resistant to hostile enchantments,
extremely stealthy
A: unfitting armour, see invisible, herbivore 3, speed 3, slow healing 1, slow
metabolism 2
a: Potion Petition, Call Merchant, Bribe Branch, Renounce Religion, Evoke
Invisibility


You were on level 8 of the Lair of Beasts.
You worshipped Gozag.
Gozag was noncommittal.
You were very full.

You visited 3 branches of the dungeon, and saw 24 of its levels.
You also visited: Labyrinth and Bailey.

You collected 7717 gold pieces.
You spent 576 gold pieces at shops.
You paid 4136 gold pieces to Gozag.

Inventory:

Hand weapons
 a - a +4 short sword of chaos (weapon)
 b - the +4 rapier "Jyhuz" {pierce, rF+ Int+4}
   (You acquired it on level 5 of the Dungeon)

   It inflicts extra damage upon your enemies.
   It affects your intelligence (+4).
   It protects you from fire.
 p - a +0 hunting sling of venom
 w - a +4 blowgun of evasion
 S - a +4 dagger of electrocution
 W - the +7 morningstar "Dragonslayer" {pain, -Tele rElec rC+ Dex+2}
   (You found it on level 14 of the Dungeon)

   In the hands of one skilled in necromantic magic, it inflicts extra damage on
   living creatures.
   It affects your dexterity (+2).
   It protects you from cold.
   It insulates you from electricity.
   It prevents most forms of teleportation.
Missiles
 D - 84 poisoned needles
 P - 8 curare-tipped needles
Armour
 z - a +0 buckler
 I - a +0 cloak of magic resistance (worn)
 T - a +4 troll leather armour (worn)
Rods
 y - a +1 rod of clouds (10/10)
   (You found it in a labyrinth)
Jewellery
 d - an uncursed ring of positive energy
 g - an uncursed ring of teleportation
 i - an uncursed amulet of warding
 m - an uncursed ring of fire
 s - an amulet of resist corrosion (around neck)
 v - a ring of wizardry (right hand)
 A - a +5 ring of intelligence
 H - an uncursed amulet of rage
 M - an uncursed ring of protection from cold
 Q - a ring of invisibility (left hand)
 U - an uncursed ring of protection from magic
Magical devices
 e - a wand of heal wounds (8)
 x - a wand of fireball (6)
 G - a wand of heal wounds (3)
 J - a wand of confusion (10)
 K - a wand of draining (1)
 L - a wand of confusion (3)
 N - a wand of teleportation (0)
Scrolls
 j - 9 scrolls of remove curse
 k - 9 scrolls of teleportation
 q - 2 scrolls of vulnerability
 r - 4 scrolls of blinking
 u - a scroll of magic mapping
 C - 10 scrolls of identify
 E - a scroll of fog
 F - 2 scrolls of amnesia
Potions
 f - 4 potions of might
 h - 2 potions of agility
 l - 4 potions of brilliance
 n - 2 potions of restore abilities
 o - 11 potions of curing
 t - 2 potions of cancellation
 B - a potion of magic
 V - a potion of resistance
 X - a potion of haste
 Y - 3 potions of heal wounds
Miscellaneous
 R - a lamp of fire
Comestibles
 c - 12 bread rations
 O - 11 fruits


   Skills:
 - Level 10.2 Fighting
 - Level 12.0 Short Blades
 + Level 19.5 Dodging
 + Level 14.0 Stealth
 + Level 9.9 Spellcasting
 - Level 5.0 Conjurations
 - Level 2.0 Fire Magic
 - Level 2.0 Air Magic
 - Level 2.0 Poison Magic
 - Level 5.4 Evocations


You had 26 spell levels left.
You knew the following spells:

 Your Spells              Type           Power        Failure   Level  Hunger
a - Conjure Flame         Conj/Fire      ###.....     4%          3    None
b - Mephitic Cloud        Conj/Pois/Air  ###.....     6%          3    None


Dungeon Overview and Level Annotations

Branches:
Dungeon (15/15)            Temple (1/1) D:6            Lair (8/8) D:9
 Shoals (0/5) Lair:4       Spider (0/5) Lair:3          Orc (0/4) D:10
 Vaults (0/5) D:14
  Slime: Lair:6-8    Depths: D:15

Altars:
Ashenzari
Cheibriados
Dithmenos
Fedhas
Gozag
Kikubaaqudgha
Makhleb
Qazlal
Ru
Trog
Vehumet
Xom
Yredelemnul
Zin

Shops:
D:4 %   D:5 [   D:8 [   D:11 [   D:14 =   Vaults:2 =

Portals:
Trove: D:13 (give 2 scrolls of acquirement)

Annotations:
D:9 exclusions: ice statue and obsidian statue
Lair:1 1 exclusion


Innate Abilities, Weirdness & Mutations

You are tiny and cannot use many weapons and most armour.
You have supernaturally acute eyesight.
You are a herbivore.
You cover ground extremely quickly.
You need consume almost no food.
You heal slowly when monsters are visible.


Message History

You completely miss the dire elephant.
The dire elephant is moderately wounded.
You hit the dire elephant.
You feel better.
The dire elephant is moderately wounded.
The dire elephant barely misses you.
The dire elephant trunk-slaps you but does no damage.
You hit the dire elephant but do no damage.
The dire elephant is moderately wounded.
The dire elephant is no longer moving slowly.
You hit the dire elephant but do no damage.
The dire elephant goes berserk!
The dire elephant is moderately wounded.
The dire elephant tramples you.
You hold your ground!
The dire elephant misses you.
Read which item? (? for menu, Esc to quit)
As you read the scroll of teleportation, it crumbles to dust.
You feel strangely unstable. The dire elephant tramples you!!!
Ouch! That really hurt!
You die...
Your body crumbles into a pile of gold.

... ... .♣♣ ♣♣♣
♣♣.♣♣♣ ♣....♣
♣....♣♣♣
♣♣♣..♣♣@Y♣♣♣ ♣
♣♣...♣♣♣♣♣($♣♣♣
♣♣♣♣ ♣♣♣♣...♣♣
♣♣♣..♣
...♣♣♣....♣♣♣
♣♣..♣
♣.......♣♣♣
...♣ ♣♣.♣♣.♣♣♣
++## ♣♣♣♣♣+


You could see a dire elephant (berserk).

Vanquished Creatures
  Maud (D:13)
  Snorg (Lair:4)
  Josephine (Lair:4)
  A minotaur (Lab)
  An ogre mage (D:14)
  2 hydras
  Fannar (Lair:2)
  A catoblepas (D:13)
  A centaur warrior (D:13)
  6 death yaks
  Urug (Lair:1)
  Sonja (D:10)
  Nergalle (Lair:3)
  An unseen horror (D:13)
  A lindwurm (Lair:6)
  5 hill giants
  Pikel (D:4)
  An orc knight (Bailey)
  4 ugly things (D:14)
  2 manticores (D:14)
  A faun (shapeshifter) (D:14)
  3 griffons
  5 elephants (Lair:8)
  4 black mambas
  3 sirens (Lair:4)
  2 torpor snails
  A gargoyle (D:10)
  A redback zombie (D:14)
  3 fire drakes
  6 spiny frogs
  2 kobold demonologists (D:12)
  22 komodo dragons
  A merfolk (D:9)
  4 trolls
  A boulder beetle (Lair:8)
  8 slime creatures
  3 two-headed ogres
  8 blink frogs
  4 trapdoor spiders
  30 yaks
  2 deep elf magi (D:9)
  A wyvern (Lair:6)
  5 wraiths
  A steam dragon (D:9)
  4 hungry ghosts
  A tarantella (shapeshifter) (D:14)
  5 basilisks
  4 vampire mosquitoes (D:14)
  Menkaure (D:7)
  7 hippogriffs
  9 porcupines
  6 wolves
  2 soldier ants
  A spider (shapeshifter) (D:13)
  10 water moccasins
  An eye of draining (D:15)
  Duvessa (D:6)
  11 orc warriors
  A slave (D:4)
  2 swamp drakes
  4 phantoms
  5 sky beasts
  3 black bears
  A necrophage (D:6)
  8 ice beasts
  5 ogres
  8 big kobolds
  12 crocodiles
  2 boring beetles
  22 centaurs
  2 small abominations (D:13)
  2 gnoll sergeants
  19 giant frogs
  12 iguanas
  Dowan (D:6)
  A wyvern skeleton (D:10)
  An earth elemental (Lab)
  5 killer bees (D:8)
  7 scorpions
  11 wights
  2 jellies
  9 crimson imps
  9 orc wizards
  A giant frog zombie (D:8)
  Ijyb (D:2)
  2 giant frog skeletons
  A gnoll shaman (D:8)
  7 orc priests
  9 hounds
  9 worker ants
  19 sheep
  30 gnolls
  53 river rats
  11 adders
  3 shadow imps
  2 oozes
  A worm (D:2)
  An adder skeleton (D:9)
  8 giant geckos
  56 orcs
  3 ball pythons
  2 bat skeletons
  2 bat zombies (D:7)
  7 giant cockroaches
  17 hobgoblins
  7 jackals
  7 quokkas
  20 bats
  A giant gecko skeleton (D:4)
  2 giant newts (D:2)
  3 giant spores
  20 goblins
  27 kobolds
  A quokka zombie (D:6)
  14 rats
  4 ballistomycetes
  A plant (Lab)
724 creatures vanquished.

Vanquished Creatures (others)
  An orc warrior (D:6)
  A slave (D:4)
  2 centaurs (D:6)
  An orc priest (D:4)
  An orc wizard (D:4)
  A worker ant (D:6)
  5 orcs
  A quokka (D:6)
13 creatures vanquished.

Grand Total: 737 creatures vanquished

Notes
Turn   | Place    | Note
--------------------------------------------------------------
     0 | D:1      | Zwobot, the Spriggan Chaos Knight, began the quest for the Orb.
     0 | D:1      | Reached XP level 1. HP: 11/11 MP: 2/2
    37 | D:1      | Reached skill level 4 in Dodging
    70 | D:1      | XOM: silly message
   108 | D:1      | XOM: divination: detect creatures
   109 | D:1      | Reached XP level 2. HP: 16/16 MP: 3/3
   128 | D:1      | You fall through a shaft!
   162 | D:2      | XOM: confuse monster(s)
   176 | D:2      | Reached skill level 1 in Stealth
   370 | D:2      | Reached XP level 3. HP: 14/19 MP: 4/4
   494 | D:2      | Reached skill level 5 in Dodging
   497 | D:2      | Noticed Ijyb
   499 | D:2      | XOM: noise
   536 | D:2      | Killed Ijyb
   580 | D:2      | Found a bloodstained altar of Trog.
   610 | D:2      | Reached XP level 4. HP: 16/23 MP: 5/5
   878 | D:2      | XOM: noise
   918 | D:2      | XOM: harmless Conj miscast
  1009 | D:2      | XOM: harmless Summ miscast
  1046 | D:2      | XOM: butterfly on damage
  1272 | D:2      | Reached skill level 6 in Dodging
  1366 | D:2      | XOM: divination: detect creatures
  1754 | D:1      | XOM: silly message
  2004 | D:1      | XOM: give mutations
  2004 | D:1      | Gained mutation: You have an increased reservoir of magic (+10% MP). [Xom's grace]
  2004 | D:1      | Gained mutation: You can breathe flames. [Xom's grace]
  2110 | D:3      | XOM: cast spell 'Cause Fear'
  2258 | D:3      | Reached XP level 5. HP: 23/27 MP: 6/6
  2406 | D:3      | XOM: give mutations
  2406 | D:3      | Gained mutation: You are clumsy. (Dex -2) [Xom's mischief]
  2406 | D:3      | Gained mutation: You heal slowly when monsters are visible. [Xom's mischief]
  2470 | D:3      | XOM: noise
  3095 | D:4      | XOM: mild Summ miscast
  3238 | D:4      | Reached skill level 7 in Dodging
  3264 | D:4      | XOM: confusion
  3392 | D:4      | XOM: fake destruction
  3393 | D:4      | Noticed a swamp drake
  3393 | D:4      | a giant frog changed into a swamp drake
  3393 | D:4      | XOM: polymorph giant frog -> swamp drake
  3394 | D:4      | XOM: confuse monster(s)
  3398 | D:4      | XOM: smoke on damage
  3410 | D:4      | Killed a swamp drake
  3410 | D:4      | Reached skill level 5 in Stealth
  3410 | D:4      | Reached XP level 6. HP: 23/32 MP: 7/7
  3685 | D:4      | Noticed a slave
  3686 | D:4      | Noticed a slave
  3690 | D:4      | Noticed Pikel
  3693 | D:4      | Noticed a slave
  3702 | D:4      | Killed a slave
  3703 | D:4      | Noticed a slave
  3714 | D:4      | Killed Pikel
  3714 | D:4      | Reached skill level 5 in Short Blades
  3714 | D:4      | Reached skill level 9 in Dodging
  3714 | D:4      | Reached XP level 7. HP: 35/35 MP: 8/8
  3777 | D:4      | Killed a freed slave
  3939 | D:4      | Found Toxieps's Food Shoppe.
  4062 | D:5      | Entered Level 5 of the Dungeon
  4223 | D:5      | Reached skill level 10 in Dodging
  4223 | D:5      | Reached XP level 8. HP: 39/39 MP: 9/9
  4374 | D:5      | Identified a scroll of acquirement
  4375 | D:5      | Got a smoking rapier
  4376 | D:5      | Identified the +4 rapier "Jyhuz" {pierce, rF+ Int+4} (You acquired it on level 5 of the Dungeon)
  4449 | D:5      | XOM: colour smoke trail
  4716 | D:5      | XOM: silly message
  4740 | D:5      | Found Wesum's Armour Shop.
  4850 | D:5      | XOM: harmless Air miscast
  5284 | D:6      | XOM: enchant monster (bad)
  5300 | D:6      | Reached skill level 11 in Dodging
  5332 | D:6      | Noticed Duvessa
  5514 | D:6      | Found a staircase to the Ecumenical Temple.
  5580 | Temple   | Entered the Ecumenical Temple
  5611 | Temple   | Fell from the grace of Xom
  5611 | Temple   | Became a worshipper of Gozag Ym Sagoz the Greedy
  5788 | D:6      | Found a glowing silver altar of Zin.
  5869 | D:6      | Reached skill level 12 in Dodging
  5954 | D:6      | Learned a level 3 spell: Conjure Flame
  5958 | D:6      | Learned a level 3 spell: Mephitic Cloud
  5964 | D:6      | Noticed Dowan
  5966 | D:6      | XOM: noise
  5972 | D:6      | Killed Duvessa
  5972 | D:6      | Reached XP level 9. HP: 43/43 MP: 10/10
  5977 | D:6      | Killed Dowan
  5992 | D:6      | Found a shimmering altar of Xom.
  6423 | D:7      | Found a sacrificial altar of Ru.
  6620 | D:7      | Noticed Menkaure
  6645 | D:7      | Killed Menkaure
  6645 | D:7      | Reached skill level 10 in Stealth
  6686 | D:7      | Reached skill level 13 in Dodging
  6901 | D:7      | Found a flagged portal.
  6911 | Bailey   | Entered a bailey
  6928 | Bailey   | XOM: enchant monster (bad)
  7153 | Bailey   | Noticed an orc knight
  7200 | Bailey   | Killed an orc knight
  7200 | Bailey   | Reached skill level 14 in Dodging
  7351 | Bailey   | XOM: summons 14 hostile demons
  7352 | Bailey   | Noticed a rust devil
  7352 | Bailey   | Noticed an ice devil
  7569 | D:7      | Reached XP level 10. HP: 34/47 MP: 12/12
  7639 | D:7      | XOM: summons 4 hostile shadow creatures
  8231 | D:8      | Found Mulah's Antique Armour Boutique.
  8234 | D:8      | Bought a runed cloak for 117 gold pieces
  8419 | D:8      | XOM: summons 5 hostile demons
  8420 | D:8      | Noticed a sun demon
  8633 | D:8      | Reached skill level 15 in Dodging
  8658 | D:8      | Found a radiant altar of Vehumet.
  9041 | D:8      | Noticed a hill giant
  9084 | D:8      | Killed a hill giant
  9416 | D:9      | XOM: summons 3 hostile shadow creatures
  9427 | D:9      | Noticed an ice statue
  9772 | D:9      | Reached skill level 16 in Dodging
  9830 | D:9      | XOM: medium Divn miscast
 10013 | D:9      | Reached skill level 10 in Short Blades
 10635 | D:9      | XOM: give mutations
 10635 | D:9      | Gained mutation: Armour fits poorly on your strangely shaped body. [Xom's mischief]
 10635 | D:9      | Gained mutation: You are very clumsy. (Dex -4) [Xom's mischief]
 10635 | D:9      | Gained mutation: You expend magic power (3 MP) to strengthen your wands. [Xom's mischief]
 10635 | D:9      | Gained mutation: You are partially covered in slimy green scales (AC +2). [Xom's mischief]
 10768 | D:9      | XOM: severe Pois miscast
 10857 | D:9      | XOM: summons 4 hostile shadow creatures
 10955 | D:9      | Reached skill level 17 in Dodging
 11058 | D:9      | Noticed an obsidian statue
 11232 | D:9      | Found a staircase to the Lair.
 11300 | D:9      | Reached XP level 11. HP: 40/51 MP: 13/13
 11420 | D:9      | XOM: medium Erth miscast
 11658 | D:9      | Lost mutation: You can breathe flames. [potion of cure mutation]
 11658 | D:9      | Lost mutation: You are very clumsy. (Dex -4) [potion of cure mutation]
 11658 | D:9      | Lost mutation: You expend magic power (3 MP) to strengthen your wands. [potion of cure mutation]
 11658 | D:9      | Lost mutation: Armour fits poorly on your strangely shaped body. [potion of cure mutation]
 11658 | D:9      | Lost mutation: You are partially covered in slimy green scales (AC +2). [potion of cure mutation]
 11718 | D:10     | Entered Level 10 of the Dungeon
 12261 | D:10     | XOM: mild Hex miscast
 12554 | D:10     | Noticed Sonja
 12558 | D:10     | Killed Sonja
 12701 | D:10     | Found a staircase to the Orcish Mines.
 13112 | D:10     | Noticed a hill giant
 13154 | D:10     | Killed a hill giant
 13260 | D:11     | Noticed a six-headed hydra
 13354 | D:11     | Reached skill level 1 in Evocations
 13862 | D:11     | Killed a six-headed hydra
 13862 | D:11     | Reached skill level 5 in Evocations
 13868 | D:11     | Found Heida's Armour Shop.
 13880 | D:11     | Bought a +2 troll leather armour for 459 gold pieces
 14198 | D:12     | XOM: mild Fire miscast
 14232 | D:12     | Reached skill level 5 in Fighting
 14918 | D:12     | Reached XP level 12. HP: 50/62 MP: 18/18
 15112 | D:12     | XOM: summons 6 hostile demons
 15165 | D:13     | Noticed a catoblepas
 15173 | D:13     | Killed a catoblepas
 15180 | D:13     | Noticed a centaur warrior
 15301 | D:13     | Killed a centaur warrior
 15414 | D:13     | Noticed Maud
 15708 | D:13     | Killed Maud
 15742 | D:13     | Found a portal to a secret trove of treasure.
 15877 | D:13     | Noticed an unseen horror
 15887 | D:13     | Killed an unseen horror
 16339 | D:13     | XOM: medium Erth miscast
 16448 | D:13     | XOM: medium Summ miscast
 16558 | D:13     | XOM: torment (38/67 hp)
 16586 | D:13     | XOM: mild Tloc miscast
 16793 | D:14     | Reached skill level 10 in Fighting
 16852 | D:14     | Found Xam Epo's Jewellery Boutique.
 16865 | D:14     | Got an iridescent morningstar
 16866 | D:14     | Identified the +7 morningstar "Dragonslayer" {pain, -Tele rElec rC+ Dex+2} (You found it on level 14 of the Dungeon)
 17131 | D:14     | Reached skill level 1 in Spellcasting
 17200 | D:14     | Reached skill level 1 in Air Magic
 17200 | D:14     | Reached skill level 1 in Poison Magic
 17227 | D:14     | Reached skill level 1 in Conjurations
 17231 | D:14     | Noticed an ogre mage
 17281 | D:14     | Found an ancient bone altar of Kikubaaqudgha.
 17314 | D:14     | Reached skill level 1 in Fire Magic
 17367 | D:14     | Killed an ogre mage
 17375 | D:14     | XOM: 2-stop teleportation journey
 17398 | D:14     | Reached XP level 13. HP: 72/72 MP: 19/19
 17422 | D:14     | XOM: give mutations
 17422 | D:14     | Gained mutation: You occasionally shout uncontrollably at your foes. [Xom's mischief]
 17499 | D:14     | Found a gate to the Vaults.
 17932 | D:15     | Entered Level 15 of the Dungeon
 18356 | Lair:1   | Entered Level 1 of the Lair of Beasts
 19005 | Lair:1   | Noticed Urug
 19010 | Lair:1   | Killed Urug
 19126 | Lair:1   | Reached skill level 5 in Spellcasting
 19368 | Lair:1   | XOM: noise
 19453 | Lair:1   | XOM: noise
 20195 | Lair:2   | Reached skill level 5 in Conjurations
 20308 | Lair:2   | Noticed Fannar
 20324 | Lair:2   | Killed Fannar
 20324 | Lair:2   | Reached skill level 18 in Dodging
 20687 | Lair:3   | Noticed Nergalle
 20693 | Lair:3   | Killed Nergalle
 20940 | Lair:3   | Found a hole to the Spider Nest.
 21012 | Lair:3   | XOM: summons 3 hostile shadow creatures
 21523 | Lair:4   | Noticed Snorg
 21565 | Lair:4   | Killed Snorg
 21809 | Lair:4   | Noticed Josephine
 21972 | Lair:4   | Killed Josephine
 22006 | Lair:4   | XOM: give mutations
 22006 | Lair:4   | Gained mutation: You sometimes yell uncontrollably at your foes. [Xom's mischief]
 22006 | Lair:4   | Gained mutation: You are weak. (Str -2) [Xom's mischief]
 22006 | Lair:4   | Gained mutation: You are frail (-10% HP). [Xom's mischief]
 22006 | Lair:4   | Lost mutation: You are frail (-10% HP). [Xom's mischief]
 22006 | Lair:4   | Was forgiven by Xom
 22274 | Lair:4   | Found a staircase to the Shoals.
 22645 | Lair:5   | Found a labyrinth entrance.
 22666 | Lab      | Entered a labyrinth
 23789 | Lab      | Reached XP level 14. HP: 77/77 MP: 29/29
 24023 | Lab      | Identified a +1 rod of clouds (10/10) (You found it in a labyrinth)
 24025 | Lab      | Got a fine blowgun
 24026 | Lab      | Identified the +1 blowgun of Temata {speed, rPois rF+++ Str-5} (You found it in a labyrinth)
 26021 | Lair:6   | Lost mutation: You are clumsy. (Dex -2) [potion of cure mutation]
 26021 | Lair:6   | Lost mutation: You sometimes yell uncontrollably at your foes. [potion of cure mutation]
 26021 | Lair:6   | Lost mutation: You have an increased reservoir of magic (+10% MP). [potion of cure mutation]
 26021 | Lair:6   | Lost mutation: You are weak. (Str -2) [potion of cure mutation]
 26021 | Lair:6   | Lost mutation: You occasionally shout uncontrollably at your foes. [potion of cure mutation]
 26264 | Lair:6   | Reached skill level 19 in Dodging
 27502 | Lair:8   | Entered Level 8 of the Lair of Beasts
 27836 | Lair:8   | Slain by a dire elephant

Action                   |  1- 3 |  4- 6 |  7- 9 | 10-12 | 13-15 || total
-------------------------+-------+-------+-------+-------+-------++-------
Melee: Short sword       |   117 |   203 |   181 |   578 |   894 ||  1973
       Rapier            |       |       |   191 |   733 |   555 ||  1479
       Dagger            |       |       |       |       |    82 ||    82
 Fire: Blowgun           |       |       |    18 |    62 |    18 ||    98
       Hunting sling     |       |       |    13 |    23 |       ||    36
Throw: Throwing net      |       |       |     4 |     4 |       ||     8
       Stone             |       |       |       |     1 |       ||     1
 Cast: Mephitic Cloud    |       |       |     1 |       |     6 ||     7
       Conjure Flame     |       |       |       |       |     4 ||     4
Invok: Call Merchant     |       |       |       |     3 |     1 ||     4
 Abil: Evoke Invisibilit |       |       |       |       |     2 ||     2
       Turn Visible      |       |       |       |       |     1 ||     1
Evoke: Wand              |       |     1 |       |    22 |    29 ||    52
  Use: Scroll            |     5 |     6 |    11 |    12 |    20 ||    54
       Potion            |       |     4 |     3 |     3 |     1 ||    11
 Stab: Paralysed         |     3 |     3 |     1 |     7 |    11 ||    25
       Sleeping          |     1 |     8 |    17 |    36 |    47 ||   109
       Petrifying        |       |     2 |     1 |     8 |     7 ||    18
       Confused          |       |     4 |     3 |     9 |    25 ||    41
       Fleeing           |       |     1 |       |       |       ||     1
       Held in net/web   |       |       |     3 |     2 |       ||     5
       Distracted        |       |       |     4 |    13 |     6 ||    23
       Petrified         |       |       |       |     5 |     1 ||     6
  Eat: Bread ration      |       |     1 |       |     1 |       ||     2
       Royal jelly       |       |       |       |     2 |       ||     2
       Pizza             |       |       |       |     2 |     2 ||     4
       Fruit             |       |       |       |       |    18 ||    18
